 Dungeon Crawl Stone Soup version 0.31.0-32-g396128a36d (webtiles) character file.

Game seed: 9917419889253031373

156 TacoSundae the Grasshopper (level 5, -1/39 HPs)
             Began as a Barachi Warper on Apr 18, 2024.
             Killed from afar by an orc wizard (15 damage)
             ... with a puff of flame
             ... on level 3 of the Dungeon.
             The game lasted 00:07:50 (3304 turns).

TacoSundae the Grasshopper (Barachi Warper)         Turns: 3304, Time: 00:07:51

Health: -1/39      AC:  4    Str: 14    XL:     5   Next: 37%
Magic:  9/9        EV: 11    Int: 14    God:
Gold:   116        SH:  0    Dex: 11    Spells: 8/10 levels left

rFire   . . .        a - +1 trident
rCold   . . .        (no shield)
rNeg    . . .        j - +1 leather armour {Will+}
rPois   .            (no helmet)
rElec   .            (no cloak)
rCorr   .            (no gloves)
SInv    .            (no boots)
Will    +....        (no amulet)
Stlth   +            (no ring)
HPRegen 0.26/turn    (no ring)
MPRegen 0.11/turn

%: no passive effects
@: slow
A: amphibious, slowness 1, strong legs 1, +LOS
a: Hop


You were on level 3 of the Dungeon.
You visited 1 branch of the dungeon, and saw 3 of its levels.

You collected 116 gold pieces.

Inventory:

Hand Weapons
 a - a +1 trident (weapon)
 b - a +0 sling of electrocution
 g - a +0 spear
Missiles
 d - 5 darts of dispersal (quivered)
Armour
 j - a +1 leather armour of willpower (worn)
Jewellery
 m - a +6 ring of intelligence
Wands
 i - a wand of polymorph (6)
Scrolls
 c - a scroll of blinking
 e - 2 scrolls of teleportation
 h - 2 scrolls of identify
Potions
 f - 2 potions of curing


   Skills:
 - Level 2.4 Fighting
 * Level 4.1 Polearms
 - Level 1.0 Throwing
 - Level 1.2 Armour
 - Level 2.1 Dodging
 + Level 3.3 Spellcasting
 + Level 4.2 Translocations


You had 8 spell levels left.
You knew the following spells:

 Your Spells              Type           Power      Damage    Failure   Level
a - Blink                 Tloc           28%        N/A       7%          2

Your spell library contained the following spells:

 Spells                   Type           Power      Damage    Failure   Level
 Lesser Beckoning         Tloc           28%        N/A       7%          2
 Teleport Other           Tloc           14%        N/A       13%         3
 Ensorcelled Hibernation  Hex/Ice        4%         N/A       36%         2
 Manifold Assault         Tloc           14%        N/A       41%         4
 Passwall                 Erth           2%         N/A       61%         3
 Swiftness                Air            2%         N/A       61%         3
 Vhi's Electric Charge    Tloc/Air       16%        N/A       71%         4


Dungeon Overview and Level Annotations

Branches:
Dungeon (3/15)

Altars:
Zin

Shops:
D:3 *

Annotations:
D:2 Terence


Innate Abilities, Weirdness & Mutations

You are amphibious.
You cover ground slowly.
You can hop short distances.
You have an extended range of vision and can be seen from far away.


Message History

Reach: a) +1 trident
Press: ? - help, Dir - move target, f/p - ogre
Aim: an ogre, wielding a +0 giant spiked club (moderately wounded, about 26% to evade your +1 trident)
You reach to attack!
You hit the ogre.
The ogre is moderately wounded.
The orc wizard gestures at you while chanting.
The puff of flame hits you!
Reach: a) +1 trident
Press: ? - help, Dir - move target, f/p - ogre
Aim: an ogre, wielding a +0 giant spiked club (moderately wounded, about 26% to evade your +1 trident)
You reach to attack!
You barely miss the ogre.
The ogre is moderately wounded.
The orc wizard closely misses you.
Reach: a) +1 trident
Press: ? - help, Dir - move target, f/p - ogre
Aim: an ogre, wielding a +0 giant spiked club (moderately wounded, about 26% to evade your +1 trident)
The orc wizard is in the way.
You closely miss the orc wizard.
The orc wizard gestures at you while chanting.
The puff of flame hits you!
Reach: a) +1 trident
Press: ? - help, Dir - move target, f/p - ogre
Aim: an ogre, wielding a +0 giant spiked club (moderately wounded, about 26% to evade your +1 trident)
You reach to attack!
You barely miss the ogre.
The ogre is moderately wounded.
The orc wizard hits you with a +1 dagger of protection.
Reach: a) +1 trident
Press: ? - help, Dir - move target, f/p - ogre
Aim: an ogre, wielding a +0 giant spiked club (moderately wounded, about 26% to evade your +1 trident)
You reach to attack!
You barely miss the ogre.
The ogre is moderately wounded.
The orc wizard casts a spell at you. The puff of flame misses you.
Reach: a) +1 trident
Press: ? - help, Dir - move target, f/p - ogre
Aim: an ogre, wielding a +0 giant spiked club (moderately wounded, about 26% to evade your +1 trident)
The orc wizard is in the way.
You hit the orc wizard.
The orc wizard is lightly wounded.
The orc wizard gestures at you while chanting.
The puff of flame hits you!
You die...

#>............'....'.....
#.#########.###..[.##.### #.##
#.# #....##.# #..# #.#
#######.# ##### #..## #.# #.#
...... #..o## #.# #.#
.......##.#..## #.# #.#
....o..o..##.o#####.# #.#
....o..######oOo@.#.#########.#
...... ########.#...........#
..... #....................
###+ #.#######.##############
#.# #)### #...... #.# #)..##
#...... #.# ###..# #....†.
####'##### ##.### ######'
#........# #...## #.....


You could see an ogre, an orc wizard and 2 orcs.

Vanquished Creatures
  An orc priest (D:3)
  6 adders
  A dart slug (D:1)
  2 ribbon worms (D:2)
  3 orcs (D:3)
  2 ball pythons
  5 bats
  5 endoplasms
  2 giant cockroaches
  13 goblins
  8 hobgoblins
  2 jackals (D:1)
  A frilled lizard (D:2)
  3 kobolds
  5 rats
59 creatures vanquished.

Notes
Turn   | Place    | Note
-------+----------+-------------------------------------------
     0 | D:1      | TacoSundae the Barachi Warper began the quest for the Orb.
     0 | D:1      | Reached XP level 1. HP: 17/17 MP: 3/3
   437 | D:1      | Reached XP level 2. HP: 21/23 MP: 5/5
   741 | D:1      | Reached XP level 3. HP: 24/28 MP: 6/6
   744 | D:1      | Learned a level 2 spell: Blink
  1392 | D:2      | Noticed Terence
  1871 | D:2      | Reached XP level 4. HP: 13/34 MP: 8/8
  2729 | D:3      | Found Zin's Purification Station.
  2736 | D:3      | Found a glowing silver altar of Zin.
  3017 | D:3      | Reached XP level 5. HP: 39/39 MP: 9/9
  3285 | D:3      | Noticed an ogre
  3304 | D:3      | Killed from afar by an orc wizard

Illustrated notes

Levels and vault maps discovered:
D:1:      erik_arrival_triangle_small, layout_basic, kennysheep_small_spiral,
          minivault_4
D:2:      layout_loops_ring, serial_bayou_crossing, uniq_terence
D:3:      layout_basic, nicolae_overflow_hidden_temple, zin_purify, uniq_robin

Skill      XL: |  1  2  3  4  5 |
---------------+----------------+-----
Polearms       | 3 4 |  4.1
Spellcasting   | 3 |  3.3
Translocations | 4 |  4.2
Fighting       | |  2.4
Throwing       | |  1.0
Armour         | |  1.2
Dodging        | |  2.1

Action                     |  1- 3 |  4- 6 || total
---------------------------+-------+-------++-------
  Melee: Spear             |   146 |       ||   146
         Trident           |    53 |   114 ||   167
         Punch             |     1 |     1 ||     2
   Fire: Sling             |       |     6 ||     6
  Throw: Dart              |     1 |     1 ||     2
   Cast: Blink             |       |     1 ||     1
    Use: Scroll            |     5 |     4 ||     9
         Potion            |       |     1 ||     1
 Armour: Leather armour    |    94 |    72 ||   166
  Dodge: Dodged            |    98 |    49 ||   147
